 Dungeon Crawl Stone Soup version 0.29.0-4-gdea44cf6ec (webtiles) character file.

Game seed: 3300191092514374876

59 qw the Chopper (level 4, -1/26 HPs)
             Began as a Tengu Warper on Aug 28, 2022.
             Slain by an iguana (3 damage)
             ... on level 4 of the Dungeon.
             The game lasted 00:00:17 (1767 turns).

qw the Chopper (Tengu Warper)                       Turns: 1767, Time: 00:00:17

Health: -1/26      AC: 10    Str: 13    XL:     4   Next: 3%
Magic:  8/8        EV:  3    Int: 13    God:
Gold:   54         SH:  0    Dex: 14    Spells: 7/7 levels left

rFire   . . .      SeeInvis .   Y - +0 hand axe
rCold   . . .      Faith    .   (no shield)
rNeg    . . .      Spirit   .   i - +0 plate armour
rPois   .          Reflect  .   (helmet restricted)
rElec   .          Harm     .   (no cloak)
rCorr   .          Rampage  .   (no gloves)
Will    .....                   (boots unavailable)
Stlth   ..........              (no amulet)
HPRegen 0.08/turn               (no ring)
MPRegen 0.11/turn               (no ring)

@: no status effects
A: beak, talons 3
a: no special abilities


You were on level 4 of the Dungeon.
You visited 1 branch of the dungeon, and saw 3 of its levels.

You collected 54 gold pieces.


Innate Abilities, Weirdness & Mutations

You have a beak for a mouth.
You have claws for feet.


   Skills:
 - Level 2.0 Fighting
 + Level 4.2 Axes
 - Level 1.0 Throwing
 - Level 2.0 Armour
 - Level 2.1 Dodging
 - Level 2.0 Spellcasting
 - Level 2.4 Translocations


You had 7 spell levels left.
You didn't know any spells.
Your spell library contained the following spells:

 Spells                   Type           Power      Damage    Failure   Level
 Blink                    Tloc           14%        N/A       100%        2
 Gell's Gravitas          Tloc           7%         N/A       100%        3
 Lesser Beckoning         Tloc           7%         N/A       100%        3
 Teleport Other           Tloc           7%         N/A       100%        3
 Manifold Assault         Tloc           7%         N/A       100%        5

Inventory:

Hand Weapons
 m - a +0 whip
 Y - a +0 hand axe (weapon)
Armour
 i - a +0 plate armour (worn)
Potions
 a - a potion of resistance {unknown}
 d - a potion of brilliance {unknown}
 f - a potion of heal wounds {unknown}
 h - a potion of mutation {unknown}
 k - a potion of curing
 l - a potion of lignification {unknown}

Dungeon Overview and Level Annotations

Branches:
Dungeon (4/15)
 Temple: D:4-7

Altars:


Message History

You kill the hobgoblin!
Found 6 stones.
c - a scroll labelled KIDOMM KOXI
Found a dagger.
You see here a +0 dagger.
A sourceless malevolence fills the Dungeon...
You fall into a shaft and drop 2 floors!
The shaft crumbles and collapses.
Found an escape hatch in the floor.
Found a stone staircase leading up.
Existing waypoints: (1) D:2 (2) D:1 Assign waypoint to what number? (0-9, D - delete waypoint) Waypoint 2 re-assigned from D:1 to D:4.
1757 ||| READING scroll labelled FOAPEDI QIVVAI.
As you read the scroll labelled FOAPEDI QIVVAI, it crumbles to dust.
It is a scroll of enchant armour.
Really abort (and waste the scroll)?
1758 ||| READING scroll labelled KIDOMM KOXI.
As you read the scroll labelled KIDOMM KOXI, it crumbles to dust.
It is a scroll of identify.
Really abort (and waste the scroll)?
(D) Dungeon
Where to? (* - list waypoints, Enter - D:2, ? - help)
What level of the Dungeon? (default 1, ? - help)
An iguana comes into view.
The iguana hisses angrily.
There is an escape hatch in the floor here.
You hit the iguana.
The iguana is moderately wounded.
The iguana bites you!
You hit the iguana but do no damage.
The iguana is moderately wounded.
The iguana bites you!
You hit the iguana but do no damage.
The iguana is moderately wounded.
The iguana bites you.
You hit the iguana. Your kick misses the iguana. Your peck misses the iguana.
The iguana is heavily wounded.
The iguana bites you.
You die...

# #.####
#....#
####.#
#@#
#..l<..#
#.#.#..#
........#
### .#.
.# ..
.... #.
.# #. ..
.. ..


You could see an iguana.

Vanquished Creatures
  An adder (D:2)
  A dart slug (D:1)
  5 endoplasms (D:1)
  3 giant cockroaches
  5 goblins
  3 hobgoblins
  5 jackals (D:1)
  2 quokkas (D:1)
  4 ball pythons (D:1)
  4 bats
  2 frilled lizards (D:1)
  2 kobolds (D:1)
  7 rats
44 creatures vanquished.

Vanquished Creatures (others)
  A fungus (D:1)
  13 plants (D:1)
14 creatures vanquished.

Grand Total: 58 creatures vanquished

Notes
Turn   | Place    | Note
-------+----------+-------------------------------------------
     0 | D:1      | qw the Tengu Warper began the quest for the Orb.
     0 | D:1      | Reached XP level 1. HP: 12/12 MP: 4/4
     0 | D:1      | 0 ||| qw: Version: 0.1-a-89-g26bdef1
     0 | D:1      | 0 ||| qw: Game counter: 3170
     0 | D:1      | 0 ||| qw: Always use a shield: true
     0 | D:1      | 0 ||| qw: God list: Okawaru
     0 | D:1      | 0 ||| qw: Allow faded altars: false
     0 | D:1      | 0 ||| qw: Do Orc after D:15 true
     0 | D:1      | 0 ||| qw: Do second Lair branch before Depths: true
     0 | D:1      | 0 ||| qw: Lair rune preference: random
     0 | D:1      | 0 ||| qw: Plans: Normal
     0 | D:1      | 0 ||| PLANNING D:1-11
    88 | D:1      | 88 ||| Stepping ~*~*~tactically~*~*~ (stealth).
   159 | D:1      | HP: 3/12 [jackal (2)]
   162 | D:1      | Reached skill level 3 in Axes
   162 | D:1      | Reached XP level 2. HP: 5/17 MP: 6/6
   440 | D:1      | 440 ||| Stepping ~*~*~tactically~*~*~ (stealth).
   580 | D:1      | 580 ||| Stepping ~*~*~tactically~*~*~ (stealth).
   594 | D:1      | 594 ||| Stepping ~*~*~tactically~*~*~ (stealth).
   598 | D:1      | 598 ||| Stepping ~*~*~tactically~*~*~ (stealth).
   599 | D:1      | 599 ||| Stepping ~*~*~tactically~*~*~ (stealth).
   600 | D:1      | 600 ||| Stepping ~*~*~tactically~*~*~ (stealth).
   603 | D:1      | 603 ||| Stepping ~*~*~tactically~*~*~ (stealth).
   615 | D:1      | 615 ||| DROPPING +0 club.
   804 | D:1      | 804 ||| Stepping ~*~*~tactically~*~*~ (stealth).
   811 | D:1      | Reached XP level 3. HP: 21/21 MP: 7/7
   913 | D:1      | 913 ||| Stepping ~*~*~tactically~*~*~ (stealth).
   970 | D:1      | Reached skill level 4 in Axes
   972 | D:1      | 972 ||| Stepping ~*~*~tactically~*~*~ (stealth).
   997 | D:1      | 997 ||| Stepping ~*~*~tactically~*~*~ (stealth).
  1048 | D:1      | Found a faded altar of an unknown god.
  1108 | D:1      | 1108 ||| DROPPING scarf of harm.
  1109 | D:1      | 1109 ||| UPGRADING to +0 plate armour.
  1119 | D:1      | 1119 ||| DROPPING +0 leather armour.
  1120 | D:1      | 1120 ||| DROPPING +0 chain mail.
  1121 | D:1      | 1121 ||| READING scroll labelled ODGHUU ZUHACAQI.
  1222 | D:1      | 1222 ||| READING scroll labelled PEEPHA WAXO.
  1223 | D:1      | 1223 ||| READING scroll labelled XUMAYT ADGHI MILU.
  1224 | D:1      | 1224 ||| DRINKING 3 pink potions.
  1225 | D:1      | 1225 ||| DROPPING scroll of blinking.
  1226 | D:1      | 1226 ||| Stepping randomly (stuck).
  1227 | D:1      | 1227 ||| Stepping ~*~*~tactically~*~*~ (cloud).
  1228 | D:1      | 1228 ||| DRINKING 2 potions of curing.
  1228 | D:1      | 1228 ||| (to cure poison)
  1279 | D:2      | 1279 ||| STAIRDANCE
  1424 | D:2      | 1424 ||| FLEEEEING.
  1425 | D:2      | 1425 ||| FLEEEEING.
  1426 | D:2      | 1426 ||| FLEEEEING.
  1428 | D:2      | 1428 ||| FLEEEEING.
  1429 | D:2      | 1429 ||| FLEEEEING.
  1430 | D:2      | 1430 ||| FLEEEEING.
  1431 | D:2      | 1431 ||| FLEEEEING.
  1432 | D:2      | 1432 ||| FLEEEEING.
  1433 | D:2      | 1433 ||| FLEEEEING.
  1434 | D:2      | 1434 ||| FLEEEEING.
  1435 | D:2      | 1435 ||| FLEEEEING.
  1436 | D:2      | 1436 ||| FLEEEEING.
  1437 | D:2      | 1437 ||| FLEEEEING.
  1438 | D:2      | 1438 ||| FLEEEEING.
  1439 | D:2      | 1439 ||| FLEEEEING.
  1440 | D:2      | 1440 ||| FLEEEEING.
  1442 | D:2      | 1442 ||| STAIRDANCE
  1632 | D:2      | Reached XP level 4. HP: 26/26 MP: 8/8
  1756 | D:2      | You fall into a shaft and drop 2 floors!
  1757 | D:4      | 1757 ||| READING scroll labelled FOAPEDI QIVVAI.
  1758 | D:4      | 1758 ||| READING scroll labelled KIDOMM KOXI.
  1766 | D:4      | HP: 1/26 [iguana (6)]
  1767 | D:4      | Slain by an iguana

Levels and vault maps discovered:
D:1:      elethiomel_arrival_quiet, layout_basic,
          shapermc_ecumenical_altar_mp_ritualfount, nicolae_figureground_pulse
D:2:      layout_basic, minmay_misc_feat_doors, st_stairs_1
D:4:      layout_loops_ring, st_stairs_12, supply_closet_lemuel,
          serial_park_tiny_1, uniq_menkaure

Skill      XL: |  1  2  3 |
---------------+----------+-----
Axes           | 3 4 |  4.2
Armour         | 2 |  2.0
Fighting       | |  2.0
Throwing       | |  1.0
Dodging        | |  2.1
Spellcasting   | |  2.0
Translocations | |  2.4

Action                   |  1- 3 |  4- 6 || total
-------------------------+-------+-------++-------
Melee: Hand axe          |   102 |     5 ||   107
       Kick              |    25 |     1 ||    26
       Peck              |    12 |       ||    12
Throw: Boomerang         |     7 |       ||     7
  Use: Scroll            |     3 |     2 ||     5
       Potion            |     2 |       ||     2
 Stab: Distracted        |     1 |       ||     1
Armor: Leather armour    |    17 |       ||    17
       Plate armour      |    23 |       ||    23
Dodge: Dodged            |    58 |       ||    58

Table legend:
 A = Non-vault XP
 B = Vault XP
 C = Vault XP percentage of total XP
 D = Non-vault monster count
 E = Vault monster count
 F = Vault count percentage of total count
                 A         B        C        D         E       F
            +---------+---------+-------+---------+---------+-------
      Total |      82 |       3 |   3.5 |      42 |       2 |   4.5
            +---------+---------+-------+---------+---------+-------
        D:1 |      55 |       0 |   0.0 |      33 |       0 |   0.0
        D:2 |      27 |       3 |  10.0 |       9 |       2 |  18.2
            +---------+---------+-------+---------+---------+-------
